Map: Orbital Shipyard

Players

MarineLorD - Winner!

  • Race: Terran Terran
  • League: Platinum

uThermal

  • Race: Terran Terran
  • League: Grandmaster

VOD

Have the link to the VOD?

Description

Time

  • Played on: Nov. 18, 2015, 3:01 p.m.
  • Length: 16:49
Show
View Real Time Build Order
Export as new Build Order

MarineLorD Terran - Winner!

Build Orders: Reaper Expand, Mech 

Get SALT Encoding   

  12  0:00  SCV  
  13  0:12  SCV  
  14  0:17  Supply Depot  
  14  0:25  SCV  
  15  0:39  SCV  
  16  0:42  Barracks  
  16  0:44  Refinery  
  16  0:51  SCV  
  17  1:03  SCV  
  18  1:15  SCV  
  19  1:29  Orbital Command  
  19  1:30  Reaper  
  20  1:41  Command Center  
  20  1:54  Supply Depot  
  20  1:55  SCV  
  21  2:02  Barracks Reactor, Refinery  
  21  2:07  SCV  
  22  2:20  SCV  
  23  2:32  SCV  
  23  2:33  Factory  
  23  2:38  Marine x2  
  23  2:44  SCV  
  26  2:55  Marine  
  26  2:56  Orbital Command, Marine  
  28  3:01  SCV  
  29  3:13  Marine x2  
  29  3:17  Factory Tech Lab  
  29  3:18  SCV, Starport  
  32  3:21  SCV  
  33  3:30  SCV  
  33  3:31  Supply Depot, Marine x2  
  33  3:33  SCV  
  37  3:37  Cyclone, Engineering Bay  
  40  3:43  SCV  
  40  3:45  SCV  
  40  3:47  Supply Depot  
  42  3:55  SCV  
  43  3:57  Marine x2  
  43  3:58  SCV  
  45  4:07  SCV  
  44  4:10  SCV  
  44  4:14  Viking  
  45  4:19  SCV  
  45  4:22  SCV  
  45  4:23  Marine x2  
  48  4:31  SCV  
  48  4:33  Missile Turret  
  48  4:34  SCV  
  48  4:35  Missile Turret  
  48  4:37  Supply Depot  
  49  4:39  Supply Depot  
  49  4:43  SCV  
  50  4:46  SCV  
  50  4:50  Raven  
  53  4:55  SCV  
  53  4:58  Supply Depot, SCV  
  53  4:59  Hellion x2  
  59  5:01  Supply Depot  
  59  5:07  SCV  
  59  5:09  Barracks Reactor  
  59  5:10  SCV  
  61  5:21  SCV  
  61  5:23  SCV, Hellion x2  
  67  5:28  Command Center  
  67  5:33  SCV  
  68  5:37  SCV  
  68  5:39  Supply Depot  
  69  5:44  Hellion x2  
  69  5:45  SCV  
  69  5:49  SCV, Viking x2  
  79  5:52  Barracks Tech Lab  
  79  5:55  Refinery x2  
  78  5:58  SCV  
  78  6:02  Factory  
  79  6:05  Supply Depot, Factory  
  79  6:07  SCV  
  79  6:10  SCV  
  81  6:19  SCV, Viking x2  
  81  6:24  SCV  
  84  6:31  SCV  
  84  6:33  Hellion x2  
  84  6:36  SCV  
  82  6:43  SCV  
  70  6:54  Orbital Command  
  70  6:55  SCV  
  70  6:56  Refinery x2  
  70  6:57  Siege Tank  
  73  7:05  Siege Tank  
  73  7:06  SCV  
  73  7:07  SCV  
  78  7:18  SCV  
  78  7:19  SCV  
  78  7:20  Hellion x2  
  78  7:22  SCV  
  85  7:27  Missile Turret  
  88  7:30  SCV, Siege Tank  
  88  7:32  SCV  
  88  7:34  SCV  
  91  7:37  Siege Tank  
  91  7:41  Hellion x2, Viking x2  
  91  7:42  SCV  
  91  7:44  SCV  
  104  7:47  SCV  
  105  7:54  Armory x2, SCV  
  105  7:56  SCV  
  107  8:00  Infernal Pre-Igniter  
  107  8:03  Hellion x2, Siege Tank  
  115  8:08  Supply Depot  
  115  8:13  Supply Depot  
  115  8:14  Supply Depot, Siege Tank  
  116  8:22  Factory  
  116  8:24  Factory  
  116  8:27  Missile Turret  
  116  8:29  Missile Turret  
  116  8:30  Viking x2  
  120  8:38  Supply Depot, Sensor Tower  
  120  8:40  Missile Turret  
  120  8:45  Terran Vehicle And Ship Armor Level 1, Missile Turret, Terran Vehicle Weapons Level 1  
  120  8:46  Missile Turret  
  120  8:49  SCV  
  120  8:50  SCV  
  120  8:51  SCV  
  123  8:58  Hellion x2, Siege Tank  
  123  9:01  Viking  
  133  9:03  Viking  
  133  9:07  Factory Tech Lab  
  133  9:08  Supply Depot x2, Factory Reactor  
  134  9:10  Hellion  
  136  9:21  Liberator  
  136  9:24  Hellion, Liberator  
  136  9:25  Hellion, Missile Turret  
  136  9:28  Missile Turret  
  140  9:32  Siege Tank x2  
  140  9:33  Command Center  
  140  9:38  Hellion  
  151  9:41  Supply Depot  
  151  9:42  Supply Depot  
  154  9:56  Hellion x2  
  154  9:58  Hellion x2  
  154  9:59  Siege Tank  
  163  10:07  Siege Tank x2  
  163  10:10  Supply Depot  
  163  10:11  Supply Depot  
  167  10:22  Starport  
  167  10:23  Viking, Starport  
  167  10:26  Hellion x3  
  167  10:28  Hellion  
  177  10:31  Viking  
  185  10:44  Terran Vehicle And Ship Armor Level 2  
  185  10:47  Terran Vehicle Weapons Level 2, Hellion  
  187  10:57  Viking  
  187  11:01  Viking  
  187  11:02  Hellion x2  
  189  11:11  Starport Reactor x2  
  189  11:14  Command Center  
  187  11:32  Siege Tank, Refinery  
  188  11:33  Hellion x2, Missile Turret  
  188  11:34  Missile Turret  
  188  11:35  Hellion x2  
  188  11:36  Refinery  
  188  11:39  Hellion, Siege Tank  
  175  11:54  Hellion x2  
  175  11:57  Hellion x2  
  175  12:01  Hellion  
  183  12:05  Siege Tank  
  172  12:11  Planetary Fortress, Hellion  
  174  12:16  Hellion x2  
  174  12:18  Hellion x2  
  174  12:19  Liberator  
  174  12:21  Missile Turret  
  174  12:22  Siege Tank, Missile Turret  
  185  12:25  Refinery  
  185  12:27  Missile Turret, Liberator x2  
  185  12:32  Siege Tank  
  185  12:51  Siege Tank  
  178  12:58  Siege Tank  
  178  12:59  Hellion x2  
  178  13:05  Hellion, Siege Tank  
  184  13:12  Liberator  
  174  13:14  Liberator  
  174  13:15  Hellion  
  174  13:16  Terran Vehicle Weapons Level 3  
  176  13:24  Hellion x2  
  178  13:28  Siege Tank  
  186  13:41  Siege Tank  
  186  13:42  Liberator  
  186  13:49  Siege Tank  
  186  13:50  Hellion  
  186  13:51  Hellion  
  193  13:56  Hellion  
  198  14:09  Siege Tank  
  196  14:15  Siege Tank  
  196  14:16  Hellion  
  193  14:19  Hellion x2  
  193  14:20  Hellion  
  193  14:22  Hellion  
  170  14:24  Liberator  
  158  14:37  Hellion  
  160  14:41  Hellion x3, Siege Tank  
  160  14:43  Siege Tank  
  175  14:47  Siege Tank  
  178  14:56  Command Center  
  178  14:59  Hellion  
  180  15:13  Siege Tank  
  183  15:15  Siege Tank  
  183  15:17  Hellion  
  183  15:18  Hellion  
  183  15:19  Siege Tank  
  191  15:28  Hellion x2  
  189  15:39  Hellion  
  191  15:45  Siege Tank  
  191  15:47  Siege Tank  
  197  15:51  Siege Tank  
  197  15:56  Missile Turret  
  200  15:57  Missile Turret x2  
  197  16:18  Hellion x3  
  186  16:22  Hellion  
  183  16:26  Hellion  
Show
View Real Time Build Order
Export as new Build Order

uThermal Terran 

Build Orders: 1/1/1, Widow Mine Drop 

Get SALT Encoding   

  12  0:00  SCV  
  13  0:12  SCV  
  14  0:17  Supply Depot  
  14  0:24  SCV  
  15  0:30  Refinery  
  15  0:39  SCV  
  16  0:44  Barracks  
  16  0:51  SCV  
  17  1:03  SCV  
  18  1:15  SCV  
  19  1:32  Marine, Factory, Orbital Command  
  19  1:35  Refinery  
  20  1:44  Supply Depot  
  20  1:52  Marine  
  21  1:58  SCV  
  22  2:10  SCV, Marine  
  24  2:16  Starport  
  24  2:19  Supply Depot  
  24  2:20  Widow Mine  
  26  2:28  Marine  
  27  2:31  SCV  
  28  2:45  Marine  
  28  2:46  SCV  
  28  2:49  Hellion  
  32  2:54  Medivac  
  34  2:59  SCV  
  34  3:00  Supply Depot  
  34  3:03  Marine  
  35  3:11  Hellion  
  37  3:13  SCV  
  38  3:22  Barracks Reactor  
  38  3:27  Starport Tech Lab  
  38  3:29  SCV  
  38  3:32  Factory Tech Lab  
  39  3:38  Supply Depot  
  39  3:41  SCV  
  40  3:46  Raven  
  42  3:53  SCV  
  43  3:58  Marine  
  43  4:05  SCV  
  43  4:09  Marine  
  45  4:11  Siege Tank  
  45  4:16  Marine  
  47  4:23  SCV  
  46  4:26  Command Center  
  46  4:27  Marine  
  44  4:33  Medivac  
  44  4:34  Marine  
  47  4:40  SCV  
  47  4:45  Marine  
  49  4:52  Marine  
  50  4:55  SCV  
  50  4:56  Supply Depot  
  51  5:03  Siege Tank  
  51  5:05  Marine  
  55  5:17  Marine  
  55  5:18  SCV  
  57  5:22  Medivac  
  57  5:24  Marine  
  60  5:30  SCV  
  61  5:35  Marine  
  61  5:42  SCV  
  64  5:47  Siege Tank  
  67  5:54  SCV  
  69  5:59  Command Center  
  68  6:05  Orbital Command  
  68  6:08  Marine  
  68  6:10  Marine  
  69  6:15  SCV  
  70  6:19  Siege Tank  
  73  6:26  Marine  
  73  6:27  SCV, Supply Depot  
  73  6:32  Marine  
  74  6:39  SCV  
  60  6:51  Siege Tank  
  60  6:52  SCV x2  
  60  6:54  Barracks  
  60  6:55  Barracks  
  56  7:01  Barracks  
  56  7:04  SCV x2  
  56  7:05  Barracks  
  58  7:09  Refinery, Marauder  
  58  7:10  Refinery  
  58  7:11  Stimpack  
  60  7:16  SCV  
  60  7:19  SCV  
  62  7:25  Starport Reactor  
  62  7:27  Engineering Bay  
  62  7:28  SCV  
  63  7:31  SCV  
  63  7:33  Marine, Orbital Command  
  64  7:40  SCV  
  64  7:43  SCV  
  66  7:45  Barracks Tech Lab x2  
  66  7:48  Marine  
  66  7:49  Marine  
  68  7:52  Barracks Reactor, SCV  
  68  7:55  SCV, Marauder  
  72  7:59  SCV  
  72  8:02  Terran Infantry Weapons Level 1, Combat Shields  
  72  8:03  Concussive Shells  
  72  8:04  Marauder  
  72  8:05  SCV  
  76  8:06  Medivac  
  76  8:07  SCV, Marine  
  76  8:11  SCV  
  81  8:14  Marauder, Marine  
  81  8:16  Marauder  
  81  8:17  SCV, Supply Depot  
  81  8:19  SCV  
  87  8:20  Supply Depot  
  87  8:23  Siege Tank  
  87  8:24  SCV, Marine  
  87  8:25  Marine  
  92  8:29  SCV  
  92  8:31  Supply Depot  
  92  8:32  SCV, Marine, Supply Depot  
  95  8:36  SCV  
  95  8:38  Refinery  
  95  8:40  Supply Depot, Medivac x2  
  95  8:41  SCV, Marine  
  101  8:42  Marine  
  101  8:44  SCV  
  101  8:46  Marine  
  101  8:47  Marauder, Marine  
  101  8:48  SCV  
  109  8:51  Supply Depot  
  109  8:57  SCV  
  109  8:58  Command Center, SCV  
  109  9:00  Marine x2  
  113  9:04  Marauder, Marine x2  
  113  9:06  SCV  
  113  9:09  SCV  
  119  9:11  Siege Tank  
  119  9:13  Supply Depot  
  119  9:14  Marine  
  119  9:15  Marauder  
  125  9:18  Medivac x2  
  129  9:25  Barracks  
  129  9:28  Barracks  
  129  9:30  Marauder, Marine x2  
  129  9:31  Marine  
  134  9:37  Armory  
  134  9:40  Engineering Bay  
  134  9:41  Marauder, Marine x2  
  138  9:48  Marine x3  
  138  9:51  Marine  
  142  9:55  Medivac  
  142  9:56  Terran Infantry Armor Level 1, Medivac  
  142  9:58  Marine  
  142  9:59  Marauder  
  148  10:03  Marauder  
  149  10:07  Marine x2  
  149  10:08  Supply Depot  
  149  10:09  Supply Depot, Barracks  
  149  10:10  Supply Depot  
  151  10:14  Barracks Tech Lab  
  151  10:15  Barracks Reactor  
  151  10:16  Marine  
  151  10:17  Marauder  
  151  10:21  Siege Tank  
  157  10:26  Terran Infantry Weapons Level 2  
  157  10:30  Terran Vehicle And Ship Armor Level 1  
  157  10:34  Marine  
  158  10:36  Supply Depot, Marine  
  158  10:39  Marine x2  
  158  10:40  Marine  
  158  10:42  Missile Turret, Marine  
  163  10:43  Marine  
  164  10:51  Marine, Medivac x2  
  164  10:54  Marine  
  164  10:56  Marauder  
  172  11:01  Barracks Reactor  
  172  11:03  Marine  
  177  11:04  Marauder x2  
  177  11:09  Planetary Fortress  
  177  11:11  Marine  
  177  11:12  Marauder  
  177  11:13  Marine  
  177  11:15  Marine  
  177  11:18  Marauder  
  183  11:19  Marine  
  186  11:25  Marauder  
  186  11:31  Marine  
  186  11:32  Marauder  
  184  11:33  Marine  
  184  11:34  Marauder  
  184  11:39  Marauder, Marine x2  
  173  11:40  Medivac x2  
  157  11:47  Marauder  
  157  11:51  Marine x2  
  157  11:52  Marine  
  157  11:53  Marauder  
  146  11:55  Marauder  
  146  11:56  Marine x2  
  146  11:57  Marine  
  146  12:01  Marauder  
  150  12:05  Siege Tank  
  150  12:07  Marine x2  
  149  12:08  Marauder  
  149  12:11  Marine  
  149  12:12  Marine  
  149  12:14  Command Center, Marauder, Medivac x2  
  157  12:16  Marauder  
  157  12:18  Command Center  
  157  12:19  Marine  
  157  12:22  Marauder  
  162  12:24  Marine  
  165  12:30  Marauder  
  165  12:36  Marauder  
  167  12:38  Marauder, Marine  
  167  12:43  Marauder  
  167  12:49  Marine x2  
  167  12:50  Marine  
  151  12:51  Marauder  
  151  12:55  Medivac x2  
  151  12:57  Marauder, Marine x2  
  145  12:59  Marauder  
  145  13:03  Marine x2  
  145  13:05  Marauder  
  135  13:09  Marine  
  135  13:12  Marauder  
  138  13:15  SCV x3  
  138  13:18  Marauder  
  143  13:20  Marauder  
  143  13:23  Marine  
  143  13:25  Medivac  
  143  13:26  Marauder  
  149  13:27  SCV  
  149  13:30  Orbital Command  
  149  13:34  Marauder, Marine  
  152  13:40  Marauder  
  153  13:41  Marine  
  153  13:42  Marauder, Marine  
  153  13:46  Orbital Command  
  153  13:47  SCV  
  153  13:48  SCV, Marauder  
  161  13:50  SCV  
  162  13:59  SCV  
  162  14:00  SCV  
  162  14:01  SCV  
  164  14:03  SCV  
  164  14:07  Marine  
  164  14:08  Marauder, Marine  
  164  14:09  Marine  
  163  14:11  SCV  
  163  14:15  SCV  
  153  14:23  SCV  
  120  14:24  SCV  
  120  14:26  SCV  
  120  14:27  SCV, Marine x2  
  120  14:28  Marine, Marauder x2  
  120  14:30  SCV  
  114  14:32  Marine  
  114  14:36  SCV, Medivac  
  114  14:37  Medivac  
  120  14:43  Orbital Command  
  120  14:46  Marine x4  
  120  14:47  Marine  
  120  14:50  Marine x2  
  127  14:57  Refinery, Marine x2  
  127  14:58  Refinery, Marine x2  
  131  15:02  Marine  
  131  15:04  Marine x2  
  131  15:06  Medivac  
  136  15:07  Marine x3  
  136  15:08  Marine  
  136  15:10  SCV x3  
  136  15:11  SCV  
  136  15:13  Marine  
  140  15:15  Marauder, Marine  
  140  15:17  Marauder x2  
  140  15:20  SCV  
  145  15:23  Marine x2  
  145  15:27  SCV, Marine x2  
  145  15:28  Marine x3  
  151  15:31  Marine  
  151  15:33  Refinery, Marine  
  151  15:34  SCV  
  155  15:36  Marine  
  155  15:38  Marauder, Marine  
  155  15:41  Marine x2  
  159  15:45  Marine x2  
  159  15:46  Marauder, Marine x2  
  159  15:48  Marine  
  165  15:50  Marine  
  165  15:55  Marauder  
  165  15:56  Marauder  
  156  15:58  Marine  
  156  15:59  Marauder, Marine  
  156  16:03  Marine x2  
  158  16:07  Marine  
  158  16:08  Marauder  
  147  16:11  Marine  
  147  16:13  Marine x2  
  147  16:16  Marine, Marauder  
  147  16:17  Marauder  
  146  16:21  Marauder  
Tags
 
Add a new tag
Caveats
  • Supply blocks, unpowered buildings, or Contaminate may cause inaccurate times.
  • Supply counts are checked every 10 seconds.